 Dungeon Crawl Stone Soup version 0.27.1-2-g3b301248ec (webtiles) character file.

Game seed: 16516817371242366170

11 BR41ND34D the Vexing (level 2, 0/19 HPs)
             Began as a Vampire Enchanter on Sept 28, 2021.
             Slain by a quokka (4 damage)
             ... on level 1 of the Dungeon.
             The game lasted 00:01:40 (188 turns).

BR41ND34D the Vexing (Vampire Enchanter)             Turns: 188, Time: 00:01:40

Health: 0/19       AC:  2    Str:  7    XL:     2   Next: 17%
Magic:  4/5        EV: 12    Int: 17    God:
Gold:   21         SH:  0    Dex: 14    Spells: 4/5 levels left

rFire    . . .     SeeInvis +   a - +1 dagger
rCold    . . .     Faith    .   (no shield)
rNeg     . . .     Spirit   .   b - +0 robe
rPois    .         Reflect  .   (no helmet)
rElec    .         Harm     .   (no cloak)
rCorr    .         Rampage  .   (no gloves)
Will     .....                  (no boots)
Stlth    +++.......             (no amulet)
HPRegen  0.26/turn              (no ring)
MPRegen  0.09/turn              (no ring)

@: healing quickly
A: alive, fangs 3, see invisible, vampiric 1
a: Exsanguinate


You were on level 1 of the Dungeon.
You visited 1 branch of the dungeon, and saw 1 of its levels.

You collected 21 gold pieces.

Inventory:

Hand Weapons
 a - a +1 dagger (weapon)
Armour
 b - a +0 robe (worn)


   Skills:
 + Level 0.1 Fighting
 + Level 1.2 Short Blades
 + Level 2.2 Dodging
 + Level 4.5 Stealth
 * Level 2.0 Spellcasting
 + Level 5.1 Hexes


You had 4 spell levels left.
You knew the following spells:

 Your Spells              Type           Power      Damage    Failure   Level
a - Corona                Hex            21%        N/A       2%          1

Your spell library contained the following spells:

 Spells                   Type           Power      Damage    Failure   Level
 Confusing Touch          Hex            19%        N/A       7%          3
 Tukima's Dance           Hex            19%        N/A       7%          3
 Ensorcelled Hibernation  Hex/Ice        20%        N/A       11%         2
 Dazzling Flash           Conj/Hex       20%        N/A       21%         3


Dungeon Overview and Level Annotations

Branches:
Dungeon (1/15)

Altars:


Innate Abilities, Weirdness & Mutations

Your natural rate of healing is accelerated.
You have razor-sharp teeth.
You have supernaturally acute eyesight. (SInv)
You are afflicted with vampirism.


Message History

You hit the endoplasm.
You kill the endoplasm!
A quokka comes into view.
The quokka misses you. The quokka barely misses you.
You hit the quokka but do no damage. The quokka misses you.
You hit the quokka but do no damage. The quokka misses you.
You barely miss the quokka. The quokka bites you.
You miss the quokka. The quokka bites you.
You hit the quokka but do no damage. The quokka barely misses you.
You hit the quokka but do no damage. The quokka misses you.
You hit the quokka but do no damage. The quokka closely misses you.
You hit the quokka but do no damage. The quokka bites you.
You hit the quokka.
The quokka is moderately wounded.
The quokka barely misses you. The quokka bites you.
You closely miss the quokka. The quokka barely misses you.
Casting: Corona (safe; 2% risk of failure)
Confirm with . or Enter, or press ? or * to list all spells.
You don't know that spell.
Casting: Corona (safe; 2% risk of failure)
Confirm with . or Enter, or press ? or * to list all spells.
Aiming: Corona (safe; 2% risk of failure)
Press: ? - help, Shift-Dir - straight line, f - quokka
Aim: a quokka (chance to affect: 73%)
The quokka is outlined in light.
The quokka closely misses you.
You hit the quokka.
The quokka is moderately wounded.
The quokka barely misses you.
You barely miss the quokka.
The quokka is moderately wounded.
The quokka closely misses you.
You hit the quokka but do no damage.
The quokka is moderately wounded.
The quokka bites you.
* * * LOW HITPOINT WARNING * * *
The quokka bites you.
* * * LOW HITPOINT WARNING * * *
Found a scroll labelled XEARGH APHOKLYZ.
The quokka bites you.
You die...

#......# ?# .# ###......##.# ...
#...........# ####.
#.###.........#.# +....
.............# #....
####.#.........# #....
.......†.......# #....
...##.....r...# #....
#.##.....@...# #>...
#.##.........#. #.<..
########..........[...#######....
....................#......(.....
....................###....##....
....................# #....###...
.......)............# #....# #...
.......#.##.........# #....###...
######.†............ ##..........


You could see a quokka (corona).

Vanquished Creatures
  A dart slug (D:1)
  An endoplasm (D:1)
  A hobgoblin (D:1)
  A quokka (D:1)
  A ball python (D:1)
  A frilled lizard (D:1)
  2 kobolds (D:1)
  3 rats (D:1)
11 creatures vanquished.

Notes
Turn   | Place    | Note
-------+----------+-------------------------------------------
     0 | D:1      | BR41ND34D the Vampire Enchanter began the quest for the
                  | Orb.
     0 | D:1      | Reached XP level 1. HP: 13/13 MP: 3/3
   135 | D:1      | Reached skill level 5 in Hexes
   135 | D:1      | Reached XP level 2. HP: 19/19 MP: 5/5
   188 | D:1      | Slain by a quokka

Illustrated notes

Levels and vault maps discovered:
D:1:      dpeg_arrival_connections, layout_basic, minmay_quantized

Skill      XL: |  1 |
---------------+----+-----
Hexes          | 5 |  5.1
Fighting       | |  0.1
Short Blades   | |  1.2
Dodging        | |  2.2
Stealth        | |  4.5
Spellcasting   | |  2.0

Action                   || total
-------------------------++-------
Melee: Dagger            ||    46
       Bite              ||     3
 Cast: Corona            ||     1
 Stab: Sleeping          ||     1
Armor: Robe              ||     4
Dodge: Dodged            ||    34
